 Dungeon Crawl Stone Soup version 0.28-a0-1087-gf3fc490d9d (webtiles) character file.

Game seed: 3990293408541311017

28 fragbeetle the Insei (level 3, -2/26 HPs)
             Began as a Merfolk Transmuter on Dec 11, 2021.
             Slain by a hobgoblin (3 damage)
             ... on level 1 of the Dungeon.
             The game lasted 00:02:21 (1121 turns).

fragbeetle the Insei (Merfolk Transmuter)           Turns: 1121, Time: 00:02:21

Health: -2/26      AC:  2    Str: 12    XL:     3   Next: 14%
Magic:  5/6        EV: 13    Int: 12    God:
Gold:   36         SH:  0    Dex: 14    Spells: 5/6 levels left

rFire   . . .      SeeInvis .     - Unarmed
rCold   . . .      Faith    .   (no shield)
rNeg    . . .      Spirit   .   a - +0 robe
rPois   .          Reflect  .   (helmet currently unavailable)
rElec   .          Harm     .   (no cloak)
rCorr   .          Rampage  .   (no gloves)
Will    .....                   (boots currently unavailable)
Stlth   +.........              (no amulet)
HPRegen 0.08/turn               (no ring)
MPRegen 0.10/turn               (no ring)

@: appendages
A: horns 2, (nimble swimmer 2), mertail
a: End Transformation


You were on level 1 of the Dungeon.
You had temporarily grown beastly horns.
You visited 1 branch of the dungeon, and saw 2 of its levels.

You collected 36 gold pieces.

Inventory:

Armour
 a - a +0 robe (worn)
Scrolls
 d - a scroll of amnesia {unknown}
 e - a scroll of teleportation {unknown}
 g - a scroll of identify {unknown}
Potions
 b - a potion of magic {unknown}
 c - 2 potions of attraction {unknown}
 f - a potion of invisibility {unknown}
 h - a potion of curing {unknown}


   Skills:
 * Level 1.5 Fighting
 * Level 3.2 Dodging
 + Level 3.7 Unarmed Combat
 + Level 2.2 Spellcasting
 * Level 3.1 Transmutations


You had 5 spell levels left.
You knew the following spells:

 Your Spells              Type           Power      Damage    Failure   Level
a - Beastly Appendage     Tmut           16%        N/A       8%          1

Your spell library contained the following spells:

 Spells                   Type           Power      Damage    Failure   Level
 Wereblood                Tmut           8%         N/A       11%         2
 Spider Form              Tmut/Pois      5%         N/A       38%         3
 Ice Form                 Ice/Tmut       5%         N/A       80%         4


Dungeon Overview and Level Annotations

Branches:
Dungeon (2/15)

Altars:

Annotations:
D:2 Robin


Innate Abilities, Weirdness & Mutations

You have temporarily grown beastly horns.
((You are quick and stealthy near water. (Stealth+, EV+, Speed+++)))
Your lower body shifts to a powerful aquatic tail in water.


Message History

There is an open door here.
Done exploring.
There is a stone staircase leading down here.
You climb downwards.
The goblin shouts! x5; The hobgoblin shouts!
The goblin shouts!
The hobgoblin shouts!
Robin shouts!
The hobgoblin shouts!
The goblin shouts! x2
You hear a shout! x2; The goblin shouts!
Found a fizzy amethyst potion.
Found two stone staircases leading up.
There is a stone staircase leading up here.
The goblin shouts!
Robin throws the goblin at you! The goblin misses you.
The hobgoblin barely misses you. The goblin hits you with a +0 dagger.
You climb upwards.
There is a stone staircase leading down here.
You hit the goblin but do no damage. The goblin barely misses you. x2
The goblin hits you with a +0 dagger.
You hit the goblin.
You kill the goblin!
The goblin hits you with a +0 dagger. The goblin hits you with a +0 club.
You barely miss the hobgoblin. The goblin hits you with a +0 dagger.
The hobgoblin barely misses you.
You completely miss the hobgoblin. The goblin hits you with a +0 club.
The goblin hits you with a +0 dagger.
You hit the hobgoblin.
The hobgoblin is almost dead.
The hobgoblin hits you. The goblin barely misses you.
The goblin hits you with a +0 dagger.
Casting: Beastly Appendage (safe; 8% risk of failure)
Confirm with . or Enter, or press ? or * to list all spells.
You grow a pair of large bovine horns.
The hobgoblin hits you but does no damage.
The goblin hits you with a +0 club.
* * * LOW HITPOINT WARNING * * *
The goblin hits you with a +0 dagger.
* * * LOW HITPOINT WARNING * * *
You barely miss the hobgoblin.
The hobgoblin is almost dead.
The hobgoblin hits you.
You die...

#.#.........#.###.
#.#.#.###...##...#
#.#.#.# #...######
#.....###.........
#.................
##......#.....#.##
##.###.#.......##
####.# #.##########
#g@g.###.#### #
#g##...)....# #
#.######.##.# # #.#
#.##.# #
#.######.##.# ####
#......#.##>####.##
######.#..........#
#.#######)#.##
#.#######.....


You could see a hobgoblin and 2 goblins.

Vanquished Creatures
  3 ball pythons (D:1)
  3 bats (D:1)
  2 endoplasms (D:1)
  A giant cockroach (D:1)
  4 goblins (D:1)
  3 hobgoblins (D:1)
  3 kobolds (D:1)
  A quokka (D:1)
  3 frilled lizards (D:1)
  2 rats (D:1)
25 creatures vanquished.

Notes
Turn   | Place    | Note
-------+----------+-------------------------------------------
     0 | D:1      | fragbeetle the Merfolk Transmuter began the quest for the
                  | Orb.
     0 | D:1      | Reached XP level 1. HP: 15/15 MP: 3/3
   117 | D:1      | Reached XP level 2. HP: 21/21 MP: 3/5
   393 | D:1      | Found a faded altar of an unknown god.
   685 | D:1      | Reached XP level 3. HP: 23/26 MP: 4/6
  1111 | D:2      | Noticed Robin
  1120 | D:1      | HP: 1/26 [goblin[Robin] (4)]
  1121 | D:1      | Slain by a hobgoblin

Illustrated notes

Levels and vault maps discovered:
D:1:      minmay_arrival_stone_box, layout_loops_ring,
          hellmonk_ecumenical_altar_leap_of_faith
D:2:      layout_rooms, serial_shops, shop_fountains, chequers_garden,
          uniq_robin, uniq_natasha

Skill      XL: |  1  2 |
---------------+-------+-----
Dodging        | 3 |  3.2
Transmutations | 3 |  3.1
Fighting       | |  1.5
Unarmed Combat | |  3.7
Spellcasting   | |  2.2

Action                   || total
-------------------------++-------
Melee: Unarmed           ||    77
       Headbutt          ||    10
 Cast: Beastly Appendage ||    18
Armor: Robe              ||    13
Dodge: Dodged            ||    37

Table legend: (Time is in decaauts)
 A = Elapsed time spent in this place.
 B = Non-inter-level travel time spent in this place.
 C = Inter-level travel time spent in this place.
 D = Time resting spent in this place.
 E = Time spent auto-exploring this place.
 F = Levels seen in this place.
 G = Mean time per level.
                   A        B        C        D        E       F      G
               +--------+--------+--------+--------+--------+-----+--------+
         Total |   1116 |   1116 |      0 |    183 |    721 |   2 |  558.0 |
       Dungeon |   1116 |   1116 |      0 |    183 |    721 |   2 |  558.0 |
               +--------+--------+--------+--------+--------+-----+--------+

Top non-repeatable levels by time:
     D:1: 1113 daAuts
     D:2: 2 daAuts
